 Dungeon Sprint DCSS version 0.19-a0-1908-g43c011f (webtiles) character file.

128 esc the Sneak (level 4, -1/23 HPs)
             Began as a Spriggan Enchanter on Oct 22, 2016.
             Slain by a neqoxec (14 damage)
             ... in the Dungeon (Sprint II: "The Violet Keep of Menkaure").
             The game lasted 00:01:36 (47 turns).

esc the Sneak (Spriggan Enchanter)                    Turns: 47, Time: 00:01:37

Health: -1/23      AC:  3    Str:  4    XL:     4   Next: 86%
Magic:  7/12       EV: 22    Int: 15    God:
Gold:   0          SH:  0    Dex: 16    Spells: 1 memorised, 12 levels left

rFire  . . .     SeeInvis +     a - +1 dagger
rCold  . . .     Gourm    .     b - +1 robe
rNeg   . . .     Faith    .     (shield restricted)
rPois  .         Spirit   .     (helmet restricted)
rElec  .         Reflect  .     (no cloak)
rCorr  .         Harm     .     (gloves unavailable)
MR     .....     NoTele   +     (boots unavailable)
Stlth  ++++......               (no amulet)
                                (no ring)
                                (no ring)

@: exhausted, very slightly contaminated, hasted, very quick
A: unfitting armour, see invisible, dopey 1, herbivore 3, speed 3, slow
metabolism 2
a: no special abilities


You were in the Dungeon.
You were not hungry.

You visited 1 branch

Inventory:

Hand Weapons
 a - a +1 dagger (weapon)
Armour
 b - a +1 robe (worn)
Scrolls
 j - a scroll of blinking {!r}
Potions
 e - a potion of curing
 h - 2 potions of magic
Books
 c - a book of Maledictions
Comestibles
 d - a bread ration {@e1}


   Skills:
 + Level 2.9 Fighting
 + Level 4.3 Short Blades
 + Level 6.4 Dodging
 + Level 7.6 Stealth
 + Level 5.4 Spellcasting
 + Level 5.9 Hexes


You had 12 spell levels left.
You knew the following spells:

 Your Spells              Type           Power        Failure   Level  Hunger
v - Corona                Hex            ###....      1%          1    None


Dungeon Overview and Level Annotations

Branches:
Dungeon (1/1)

Altars:


Innate Abilities, Weirdness & Mutations

You are very small and have problems with some larger weapons.
You are too small for most types of armour.
You have supernaturally acute eyesight. (SInv)
You are a herbivore.
You cover ground extremely quickly.
You need consume almost no food.
You are dopey. (Int -2)


Message History

Something tries to feed on your intellect!
You now have 13/13 hp.
You closely miss the neqoxec.
You hear a shout!
The neqoxec closely misses you.
You hear a shout! x2
You hit the neqoxec. You closely miss the neqoxec.
The neqoxec gestures.
You hit the neqoxec. The neqoxec gestures at you.
Strange energies course through your body.
You feel stupid.
You barely miss the neqoxec. The white imp misses you.
You closely miss the neqoxec.
The neqoxec gestures.
You puncture the neqoxec! The white imp completely misses you.
You hit the neqoxec.
You kill the neqoxec!
The white imp disappears in a puff of smoke!
Your Fighting skill gained 2 levels and is now at level 2!
Your Short Blades skill gained 3 levels and is now at level 4!
Your Dodging skill gained 3 levels and is now at level 6!
Your Stealth skill gained 3 levels and is now at level 7!
Your Spellcasting skill gained 3 levels and is now at level 5!
Your Hexes skill gained 2 levels and is now at level 5!
You have reached level 2!
You have reached level 3!
Your experience leads to an increase in your attributes!
Your base attributes are Str 4, Int 16, Dex 16.
Increase (S)trength, (I)ntelligence, or (D)exterity?
You feel clever.
You have reached level 4!
Health restored: 34 You regained 2 mp, and now have 7/12 mp. 2 neqoxecs come into view.
The neqoxec shouts! x2
You feel a strong urge to attack something.
There is an open door here.
You feel your anger subside.
You are no longer berserk.
You are exhausted.
You feel yourself slow down.
You now have 23/23 hp.
You close the door.
A neqoxec opens the door.
There is a staircase leading out of the dungeon here.
Okay, then.
Okay, then.
You feel yourself speed up.
You are very lightly contaminated with residual magic.
Okay, then.
Aim: a neqoxec (chance to defeat MR: 42%)
The neqoxec resists with significant effort.
You closely miss the neqoxec. The neqoxec misses you.
You hit the neqoxec. The neqoxec gestures at you.
Something tries to feed on your intellect!
You barely miss the neqoxec. The neqoxec hits you.
You take 1 damage, and have 22/23 hp.
You hit the neqoxec but do no damage.
Health restored: 23 You hit the neqoxec but do no damage.
The neqoxec barely misses you.
You miss the neqoxec. The neqoxec closely misses you.
You hit the neqoxec but do no damage. The neqoxec misses you.
You hit the neqoxec but do no damage. You hit the neqoxec.
The neqoxec hits you!
Ouch! That really hurt!
You take 13 damage, and have 10/23 hp.
MASSIVE DAMAGE!!
You feel much better. The neqoxec hits you!
You regained 6 hp, and now have 16/23 hp.
Aim: a neqoxec (lightly wounded, chance to defeat MR: 42%)
The neqoxec resists with significant effort.
The neqoxec barely misses you.
You now have 7/12 mp.
You hit the neqoxec but do no damage.
The neqoxec gestures.
You hit the neqoxec. The neqoxec completely misses you.
The ufetubus closely misses you. The ufetubus misses you.
You hit the neqoxec. The ufetubus completely misses you.
The ufetubus closely misses you. x2
The ufetubus hits you but does no damage.
The neqoxec gestures.
You barely miss the neqoxec. The ufetubus completely misses you.
The ufetubus closely misses you. The ufetubus barely misses you.
The ufetubus completely misses you.
You closely miss the neqoxec.
You feel yourself speed up. The ufetubus closely misses you.
The ufetubus completely misses you. The ufetubus hits you.
The ufetubus closely misses you. The neqoxec misses you.
You take 3 damage, and have 13/23 hp.
You hit the neqoxec but do no damage. The ufetubus closely misses you.
The ufetubus misses you. The ufetubus completely misses you. x2
The crimson imp blinks!
The neqoxec misses you.
You hit the neqoxec.
The crimson imp disappears in a puff of smoke!
The ufetubus barely misses you. The ufetubus misses you.
You closely miss the neqoxec. The neqoxec hits you!
Ouch! That really hurt!
You die...

## ##
##. .##
..#m. #
... #.
#+#
#H##@##
#+535+
#H##5##
#. #§##
# ##.##
##.#
#.3§##
##3#


You could see a neqoxec, an iron imp and 2 ufetubi.

Vanquished Creatures
  A neqoxec (D)
1 creature vanquished.

Notes
Turn   | Place    | Note
-------+----------+-------------------------------------------
     0 | D        | esc the Spriggan Enchanter began the quest for the Orb.
     0 | D        | Reached XP level 1. HP: 9/9 MP: 5/5
     1 | D        | Noticed a siren
     4 | D        | Noticed a hippogriff
     4 | D        | Noticed a hippogriff
     7 | D        | Noticed a neqoxec
    15 | D        | Gained mutation: You are dopey. (Int -2) [a neqoxec]
    19 | D        | Killed a neqoxec
    19 | D        | Reached skill level 2 in Fighting
    19 | D        | Reached skill level 4 in Short Blades
    19 | D        | Reached skill level 6 in Dodging
    19 | D        | Reached skill level 7 in Stealth
    19 | D        | Reached skill level 5 in Spellcasting
    19 | D        | Reached skill level 5 in Hexes
    19 | D        | Reached XP level 2. HP: 16/16 MP: 6/9
    19 | D        | Reached XP level 3. HP: 19/19 MP: 6/10
    19 | D        | Reached XP level 4. HP: 23/23 MP: 7/12
    20 | D        | Noticed a neqoxec
    20 | D        | Noticed a neqoxec
    47 | D        | Slain by a neqoxec

Vault maps used:
D:        the_violet_keep_of_menkaure

Skill      XL: |  1 |
---------------+----+-----
Fighting       | 2 |  2.9
Short Blades   | 4 |  4.3
Dodging        | 6 |  6.4
Stealth        | 7 |  7.6
Spellcasting   | 5 |  5.4
Hexes          | 5 |  5.9

Action                   |  1- 3 |  4- 6 || total
-------------------------+-------+-------++-------
Melee: Dagger            |     9 |    17 ||    26
 Cast: Corona            |       |     2 ||     2
  Use: Potion            |     1 |     2 ||     3
 Stab: Sleeping          |     1 |       ||     1
Armor: Robe              |       |     1 ||     1
Dodge: Dodged            |     4 |    26 ||    30

Vault maps used:
D:        the_violet_keep_of_menkaure

Table legend:
 A = Turns spent in this place as a percentage of turns spent in the entire game.
 B = Non-inter-level travel turns spent in this place as a percentage of non-inter-level travel turns spent in the entire game.
 C = Inter-level travel turns spent in this place as a percentage of turns spent in this place.
 D = Turns resting spent in this place as a percentage of non-inter-level travel turns spent in this place.
 E = Turns spent auto-exploring this place as a percentage of non-inter-level travel turns spent in this place.
 F = Non-inter-level travel turns spent in this place divided by the number of levels of this place that you've seen.
                   A       B       C       D       E      F
               +-------+-------+-------+-------+-------+----------------------
         Total | 100.0 | 100.0 |   0.0 |   0.0 |   0.0 |  57.0
       Dungeon | 100.0 | 100.0 |   0.0 |   0.0 |   0.0 |  57.0
               +-------+-------+-------+-------+-------+----------------------

Table legend:
 A = Kills in this place as a percentage of kills in entire the game.
 B = Kills by you in this place as a percentage of kills by you in the entire game.
 C = Kills by friends in this place as a percentage of kills by friends in the entire game.
 D = Other kills in this place as a percentage of other kills in the entire game.
 E = Experience gained in this place as a percentage of experience gained in the entire game.
 F = Experience gained in this place divided by the number of levels of this place that you have seen.
                   A       B       C       D       E      F
               +-------+-------+-------+-------+-------+----------------------
         Total | 100.0 | 100.0 |  -nan |  -nan | 100.0 | 183.0
       Dungeon | 100.0 | 100.0 |  -nan |  -nan | 100.0 | 183.0
               +-------+-------+-------+-------+-------+----------------------
